 Dungeon Crawl Stone Soup version 0.29.1-1-gd02db6906a (webtiles) character file.

Game seed: 15429312282734369758

133 LustLizard the Trooper (level 4, 0/35 HPs)
             Began as a Demonspawn Fighter on Oct 5, 2022.
             Slain by a worm (3 damage)
             ... on level 3 of the Dungeon.
             The game lasted 00:07:12 (2687 turns).

LustLizard the Trooper (Demonspawn Fighter)         Turns: 2687, Time: 00:07:13

Health: 0/35       AC: 10    Str: 16    XL:     4   Next: 94%
Magic:  0/5        EV:  6    Int: 11    God:
Gold:   55         SH:  4    Dex: 13    Spells: 5/5 levels left

rFire   . . .      SeeInvis .   a - +0 long sword
rCold   . . .      Faith    .   c - +0 buckler
rNeg    . . .      Spirit   +   g - +0 chain mail
rPois   +          Reflect  .   (no helmet)
rElec   .          Harm     .   (no cloak)
rCorr   .          Rampage  .   (no gloves)
Will    .....                   h - +0 pair of boots
Stlth   ..........              n - amulet of guardian spirit
HPRegen 0.11/turn               e - ring of poison resistance
MPRegen 0.09/turn               (no ring)

@: no status effects
A: demonic guardian 1
a: no special abilities


You were on level 3 of the Dungeon.
You visited 1 branch of the dungeon, and saw 3 of its levels.

You collected 55 gold pieces.

Inventory:

Hand Weapons
 a - a +0 long sword (weapon)
Missiles
 l - 4 javelins (quivered)
Armour
 b - a +0 scale mail
 c - a +0 buckler (worn)
 g - a +0 chain mail (worn)
 h - a +0 pair of boots (worn)
Jewellery
 e - a ring of poison resistance (left hand)
 n - an amulet of guardian spirit (around neck)
Scrolls
 j - a scroll of identify {unknown}
 o - a scroll of acquirement {unknown}
Potions
 d - a potion of might
 f - a potion of ambrosia {unknown}
 i - a potion of curing {unknown}
 k - a potion of mutation {unknown}
 m - a potion of heal wounds {unknown}


   Skills:
 + Level 3.5 Fighting
 * Level 3.0 Long Blades
 + Level 3.1 Armour
 + Level 1.3 Dodging
 + Level 3.2 Shields
 * Level 1.0 Spellcasting


You had 5 spell levels left.
You didn't know any spells.
Your spell library contained the following spells:

 Spells                   Type           Power      Damage    Failure   Level
 Shock                    Conj/Air       0%         1d3       100%        1
 Ignite Poison            Fire/Tmut/Pois 0%         N/A       100%        3
 Mephitic Cloud           Conj/Pois/Air  0%         N/A       100%        3
 Swiftness                Air            0%         N/A       100%        3
 Airstrike                Air            0%         2d(0-16)  100%        4
 Freezing Cloud           Conj/Ice/Air   0%         6-21      100%        5


Dungeon Overview and Level Annotations

Branches:
Dungeon (3/15)

Altars:


Innate Abilities, Weirdness & Mutations

A weak demonic guardian rushes to your aid.


Message History

The orc hits your shadow imp with a +0 dagger.
Your shadow imp barely misses the orc.
The orc completely misses your shadow imp.
Your shadow imp gestures at the orc.
The orc writhes in agony.
The orc hits your shadow imp with a +0 dagger.
Your shadow imp barely misses the orc.
The orc misses your shadow imp.
Your shadow imp barely misses the orc.
The orc hits your shadow imp with a +0 dagger.
Your shadow imp hits the orc.
The orc dies!
The worm closely misses your shadow imp.
Your shadow imp hits the worm.
Your shadow imp hits the worm.
The worm bites your shadow imp.
Your shadow imp barely misses the worm.
The worm barely misses your shadow imp.
Your shadow imp hits the worm.
Your shadow imp barely misses the worm.
The worm bites your shadow imp but does no damage.
Your shadow imp hits the worm.
Your shadow imp hits the worm.
The worm bites your shadow imp!
Your shadow imp dies!
Your shadow imp disappears in a puff of smoke!
You slash the worm!
The worm is almost dead.
The worm bites you but does no damage.
You completely miss the worm.
The worm is almost dead.
The worm bites you but does no damage.
You hit the worm but do no damage.
The worm is severely wounded.
You hear the slow rusting of a drain very nearby.
You barely miss the worm.
The worm is severely wounded.
The worm bites you!
* * * LOW HITPOINT WARNING * * *
A demonic guardian appears!
You hit the worm.
The worm is severely wounded.
The worm bites you.
You die...

######..# #.# #.#.# ..).##.[#
#.# ..#.# ###.##..####.# ####
.o.. #............#####..#
### ..#
#.#.##............#.###.##..#
# #.####..###.##....w.)..#
#.####..# #.######.##.## #
#......w# #w# #.# .# .#
##.###...###@####.#.# ..
#.#.##( #.......5).....# .##
)................##.....# .#
..$.......<..##### ..... .#
#..#.#.###.... ...# ## .## .
....## .## ##.#. ###.# #
..... #. ##### #.


You could see a worm (ally target) and a friendly ufetubus (summoned).

Vanquished Creatures
  3 gnolls
  4 adders
  A dart slug (D:1)
  5 orcs (D:3)
  8 bats
  7 endoplasms
  2 giant cockroaches (D:1)
  3 goblins
  4 hobgoblins
  2 quokkas
  4 ball pythons
  2 frilled lizards (D:3)
  6 kobolds
  2 rats (D:2)
53 creatures vanquished.

Vanquished Creatures (collateral kills)
  3 orcs (D:3)
  An endoplasm (D:3)
  A rat (D:1)
5 creatures vanquished.

Grand Total: 58 creatures vanquished

Notes
Turn   | Place    | Note
-------+----------+-------------------------------------------
     0 | D:1      | LustLizard the Demonspawn Fighter began the quest for the
                  | Orb.
     0 | D:1      | Reached XP level 1. HP: 18/18 MP: 1/1
   459 | D:1      | Gained mutation: A weak demonic guardian rushes to your
                  | aid. [demonic ancestry]
   459 | D:1      | Reached XP level 2. HP: 19/24 MP: 2/2
  1314 | D:2      | Reached XP level 3. HP: 29/29 MP: 3/3
  1668 | D:2      | Reached skill level 1 in Dodging
  1724 | D:2      | Reached XP level 4. HP: 30/35 MP: 4/4
  2179 | D:2      | Found a faded altar of an unknown god.
  2641 | D:3      | Reached skill level 1 in Spellcasting
  2687 | D:3      | Slain by a worm

Illustrated notes

Levels and vault maps discovered:
D:1:      scummos_arrival_star, layout_basic, wad_floor_pattern_1
D:2:      layout_basic, basic_ecumenical_altar
D:3:      layout_loops_ring, gup_sewer_entry_bubbles, dreamdust_princess_bridge,
          chequers_serial_rivers_large_b, uniq_sigmund

Skill      XL: |  1  2  3  4 |
---------------+-------------+-----
Long Blades    | 2 3 |  3.0
Armour         | 3 |  3.1
Shields        | 3 |  3.2
Dodging        | 1 |  1.3
Spellcasting   | 1 |  1.0
Fighting       | |  3.5

Action                   |  1- 3 |  4- 6 || total
-------------------------+-------+-------++-------
Melee: Long sword        |    88 |   135 ||   223
Armor: Scale mail        |    12 |       ||    12
       Chain mail        |    46 |    96 ||   142
Dodge: Dodged            |    30 |    41 ||    71
Block: Buckler           |    19 |    24 ||    43
